General information
			
			
        
        - name: BNet
 
        - type: Ladder team game (AT/RT)
 
        - host: Battle.net
 
        - saver: Tranalis
 
        
map: TidewaterGlades 
        - players: 4
 
        - length: 02:13
 
        - speed: Fast
 - version: 1.22 W3XP
 - replay type:  Public
 
» download(8 KB)
Players
        team 1 (winner) 
              
              
aprz]infinity (
pink | 32 APM | 70 actions | 02:11)
              
                » actions 
                
                | Assign group hotkey | 3 |  | 
| Basic commands | 2 |  | 
| Build / train | 10 |  | 
| Enter build submenu | 7 |  | 
| Right click | 12 |  | 
| Select / deselect | 30 |  | 
| Use ability | 6 |  | 
                70 total
 » units 
                » buildings
                
                | Altar of Kings | 1 |  | 
| Farm | 3 |  | 
| Barracks | 1 |  | 
| Scout Tower | 1 |  | 
                6 total
 » build order
                00:07 Altar of Kings
00:17 Farm
00:20 Barracks
00:59 Farm
01:45 Farm
01:51 Scout Tower
 
               
              
              
Tranalis (
red | 53 APM | 118 actions | 02:13)
              
 1 Archmage 
 1 Blizzard
 
                » actions 
                
                | Assign group hotkey | 3 |  | 
| Build / train | 7 |  | 
| Enter build submenu | 3 |  | 
| Enter hero's abilities submenu | 1 |  | 
| Right click | 43 |  | 
| Select / deselect | 47 |  | 
| Select group hotkey | 2 |  | 
| Use ability | 12 |  | 
                118 total
 » units 
                » buildings
                
                | Altar of Kings | 1 |  | 
| Farm | 1 |  | 
| Barracks | 1 |  | 
                3 total
 » build order
                00:04 Altar of Kings
00:37 Farm
00:54 Barracks
 
               team 2 (loser) 
              
              
shk_e (
teal | 33 APM | 71 actions | 02:10)
              
                » actions 
                
                | Assign group hotkey | 4 |  | 
| Build / train | 11 |  | 
| Enter build submenu | 6 |  | 
| Right click | 12 |  | 
| Select / deselect | 29 |  | 
| Select group hotkey | 3 |  | 
| Use ability | 6 |  | 
                71 total
 » units 
                » buildings
                
                | Altar of Kings | 1 |  | 
| Farm | 3 |  | 
| Barracks | 1 |  | 
| Scout Tower | 1 |  | 
                6 total
 » build order
                00:12 Altar of Kings
00:23 Farm
00:37 Barracks
00:58 Farm
01:40 Farm
01:51 Scout Tower
 
               
              
              
YoGoSunPL (
purple | 45 APM | 96 actions | 02:06)
              
                » actions 
                
                | Build / train | 9 |  | 
| Enter build submenu | 7 |  | 
| Right click | 46 |  | 
| Select / deselect | 26 |  | 
| Use ability | 8 |  | 
                96 total
 » units 
                » buildings
                
                | Lumber Mill | 1 |  | 
| Altar of Kings | 1 |  | 
| Scout Tower | 3 |  | 
| Guard Tower | 1 |  | 
| Arcane Tower | 1 |  | 
                7 total
 » build order
                00:07 Lumber Mill
00:39 Altar of Kings
01:07 Scout Tower
01:08 Scout Tower
01:10 Scout Tower
01:26 Guard Tower
01:44 Arcane Tower
 
                Chat log
          (00:08 / Allies) Tranalis: hey
(00:11 / Allies) aprz]infinity: hi